 Dungeon Crawl Stone Soup version 0.28.0 (webtiles) character file.

Game seed: 7414474382336213661

285 willcat the Skirmisher (level 6, -4/47 HPs)
             Began as a Djinni Cinder Acolyte on Feb 4, 2022.
             Was an Elder of Ignis.
             Slain by a black bear (12 damage)
             ... on level 4 of the Dungeon.
             The game lasted 00:05:57 (5046 turns).

willcat the Skirmisher (Djinni Cinder Acolyte)      Turns: 5046, Time: 00:05:57

Health: -4/47      AC:  4    Str: 13    XL:     6   Next: 55%
Gold:   153        EV: 12    Int: 16    God:    Ignis [****..] SH:  0 Dex: 10

rFire   + + +      SeeInvis .   a - -1 falchion (flame)
rCold   x . .      Faith    .   (no shield)
rNeg    . . .      Spirit   .   l - +0 leather armour
rPois   ∞          Reflect  .   (no helmet)
rElec   .          Harm     .   r - +0 cloak
rCorr   .          Rampage  .   (no gloves)
Will    .....                   (boots unavailable)
Stlth   +.........              (no amulet)
HPRegen 0.15/turn               j - ring of protection from fire
MPRegen 0.00/turn               (no ring)

@: flying, very slightly contaminated
A: sickness immunity, fire resistance 2, cold vulnerability 1, float, innate
caster, HP casting, extra vitality 1
a: Renounce Religion, Fiery Armour, Foxfire Swarm, Rising Flame


You were on level 4 of the Dungeon.
You worshipped Ignis.
Ignis was greatly pleased with you.
You visited 1 branch of the dungeon, and saw 4 of its levels.

You collected 153 gold pieces.

Inventory:

Hand Weapons
 a - a -1 falchion of flaming (weapon)
Armour
 l - a +0 leather armour (worn)
 r - a +0 cloak (worn)
Jewellery
 j - a ring of protection from fire (left hand)
Wands
 o - a wand of paralysis (7)
Scrolls
 d - 4 scrolls of identify {unknown}
 e - a scroll of enchant weapon {unknown}
 f - a scroll of summoning {unknown}
 g - 2 scrolls of torment {unknown}
 i - a scroll of acquirement {unknown}
 m - 4 scrolls of teleportation {unknown}
 p - a scroll of amnesia {unknown}
 s - a scroll of enchant armour {unknown}
 u - a scroll of noise {unknown}
 v - a scroll of magic mapping {unknown}
Potions
 b - a potion of brilliance {unknown}
 c - a potion of curing {unknown}
 h - 2 potions of heal wounds {unknown}
 k - 2 potions of mutation {unknown}
 n - a potion of attraction {unknown}
 q - a potion of lignification {unknown}
 t - a potion of cancellation {unknown}


   Skills:
 + Level 4.1 Fighting
 + Level 3.9 Long Blades
 + Level 3.1 Dodging
 + Level 3.3 Spellcasting


You had 6 spell levels left.
You knew the following spells:

 Your Spells              Type           Power      Damage    Failure   Level
a - Scorch                Fire           26%        2d6       9%          2
b - Sting                 Tmut/Pois      52%        1d5       6%          1
c - Wereblood             Tmut           13%        N/A       9%          2
Your spell library was empty.

Dungeon Overview and Level Annotations

Branches:
Dungeon (4/15)
 Temple: D:4-7

Altars:

Shops:
D:2 (


Innate Abilities, Weirdness & Mutations

You are immune to sickness and miasma.
You are immune to poison.
Your flesh is very heat resistant. (rF++)
You are vulnerable to cold. (rC-)
You float through the air rather than walking.
You learn spells naturally, not from books.
Your magical power is your life essence.
You have superior vitality. (+4 MHP)


Message History

The black bear is heavily wounded.
The black bear bites you.
The black bear claws you but does no damage.
The black bear claws you.
You barely miss the black bear.
The black bear is heavily wounded.
The black bear completely misses you.
The black bear claws you but does no damage.
The black bear closely misses you.
Unknown command.
You closely miss the black bear.
The black bear is severely wounded.
The black bear goes berserk!
Unknown command.
You hit the black bear but do no damage.
The black bear is severely wounded.
The black bear bites you but does no damage.
The black bear closely misses you.
The black bear claws you but does no damage.
The black bear closely misses you. The black bear barely misses you.
The black bear claws you.
Casting: Sting (safe; 6% risk of failure)
Confirm with . or Enter, or press ? or * to list all spells.
Aiming: Sting (safe; 6% risk of failure)
Press: ? - help, Shift-Dir - straight line, f/p - black bear
Aim: a black bear (severely wounded, berserk, poisoned, 79% to hit)
You miscast Sting.
Nothing appears to happen.
The black bear bites you!
* * * LOW HITPOINT WARNING * * *
The black bear claws you but does no damage.
The black bear misses you. The black bear barely misses you.
The black bear claws you but does no damage.
The black bear claws you.
* * * LOW HITPOINT WARNING * * *
Aiming: Paralyse
Press: ? - help, Shift-Dir - straight line, f/p - black bear
Aim: a black bear (almost dead, berserk, poisoned, chance to affect: 49%)
The black bear resists with some effort.
The black bear bites you!
You die...

#........#....#.#.#
#.###.###.......[.. ###
#.# ##...##.### ##≈≈
#.#####.## .[ ##≈≈.
#.......# ## ##≈≈..
#######.# ##≈≈... ##'##
##≈≈.... ##.h.## #≈≈....≈
#### ##..@..## #≈....≈#
#..###.......######≈....≈≈
##.##.............'.....≈≈
#...'..(..........'.....≈≈
#.###..........####≈....≈≈
#.# ##.......#.# #≈....≈#
#.# ##.....##.# #≈≈....≈
#.# ##...###.#####≈≈....
#.#######+## #....<##≈≈...


You could see a black bear (berserk, poisoned).

Vanquished Creatures
  An ice beast (D:4)
  An orc priest (D:3)
  A hound (D:3)
  2 orc wizards (D:3)
  4 worms
  6 orcs
  5 endoplasms
  A giant cockroach (D:1)
  8 goblins
  A hobgoblin (D:3)
  7 jackals (D:2)
  3 quokkas
  7 ball pythons
  3 bats (D:3)
  5 frilled lizards
  6 kobolds
  7 rats
68 creatures vanquished.

Vanquished Creatures (others)
  51 foxfires
51 creatures vanquished.

Grand Total: 119 creatures vanquished

Notes
Turn   | Place    | Note
-------+----------+-------------------------------------------
     0 | D:1      | willcat the Djinni Cinder Acolyte began the quest for the
                  | Orb.
     0 | D:1      | Reached XP level 1. HP: 20/20 MP: 0/0
   778 | D:1      | Reached XP level 2. HP: 16/25 MP: 0/0
  1447 | D:1      | Reached skill level 1 in Dodging
  1978 | D:2      | Reached XP level 3. HP: 30/30 MP: 0/0
  1978 | D:2      | Learned a level 1 spell: Sting
  2395 | D:2      | Found Zexes's Weapon Emporium.
  2512 | D:2      | Noticed a floating eye
  2514 | D:2      | Found a faded altar of an unknown god.
  2515 | D:2      | Noticed a shining eye
  2515 | D:2      | Noticed a floating eye
  2515 | D:2      | Noticed an eye of devastation
  3336 | D:3      | Reached XP level 4. HP: 29/35 MP: 0/0
  4029 | D:3      | Reached XP level 5. HP: 19/41 MP: 0/0
  4029 | D:3      | Learned a level 2 spell: Wereblood
  4720 | D:4      | Reached XP level 6. HP: 45/47 MP: 0/0
  4761 | D:4      | Noticed an ice beast
  4783 | D:4      | Noticed a black bear
  4790 | D:4      | Killed an ice beast
  4791 | D:4      | Reached skill level 4 in Fighting
  5046 | D:4      | Slain by a black bear

Illustrated notes

Levels and vault maps discovered:
D:1:      dpeg_arrival_snail, layout_basic, serial_glass, glass_columns_c,
          glass_columns_a, glass_columns_a, glass_columns_a, glass_columns_a
D:2:      layout_loops_ring, serial_shops, shop,
          hellmonk_ecumenical_altar_watching_god
D:3:      layout_rooms, grunt_ministairs_1
D:4:      layout_loops_corners, minmay_temple_entry_fiery, minivault_14,
          minmay_shop_mass, kennysheep_big_empty_room

Skill      XL: |  1  2  3  4  5  6 |
---------------+-------------------+-----
Dodging        | 1 2 3 |  3.1
Long Blades    | 3 |  3.9
Spellcasting   | 3 |  3.3
Fighting       | 4 |  4.1

Action                   |  1- 3 |  4- 6 || total
-------------------------+-------+-------++-------
Melee: Falchion          |   129 |    57 ||   186
       Punch             |     1 |     2 ||     3
 Cast: Scorch            |     4 |     7 ||    11
       Sting             |     3 |    15 ||    18
Invok: Foxfire Swarm     |       |     3 ||     3
Evoke: Wand              |       |     1 ||     1
 Stab: Sleeping          |       |     1 ||     1
Armor: Robe              |    10 |       ||    10
       Leather armour    |    14 |    29 ||    43
Dodge: Dodged            |    58 |    52 ||   110
